 Dungeon Crawl Stone Soup version 0.29.1-1-gd02db6906a (webtiles) character file.

Game seed: 13635043907168247437

286 cdecastro the Digger (level 5, -2/33 (38) HPs)
             Began as a Demigod Earth Elementalist on Sept 26, 2022.
             Slain by a river rat (4 damage)
             ... on level 4 of the Dungeon on Sept 27, 2022.
             The game lasted 00:11:22 (4701 turns).

cdecastro the Digger (Demigod Earth Elementalist)   Turns: 4701, Time: 00:11:23

HP:   -2/33 (38)    AC:  2    Str:  9    XL:     5   Next: 80%
MP:   10/10         EV: 12    Int: 21    God:
Gold: 157           SH:  0    Dex: 14    Spells: 1/7 levels left

rFire   . . .      SeeInvis .   h - +0 dagger (venom)
rCold   . . .      Faith    .   (no shield)
rNeg    . . .      Spirit   .   a - +0 robe
rPois   .          Reflect  .   (no helmet)
rElec   .          Harm     .   (no cloak)
rCorr   .          Rampage  .   (no gloves)
Will    .....                   (no boots)
Stlth   ++........              (no amulet)
HPRegen 0.11/turn               (no ring)
MPRegen 0.12/turn               (no ring)

@: heavily drained
A: high MP 1, forlorn, divine attributes
a: no special abilities


You were on level 4 of the Dungeon.
You visited 1 branch of the dungeon, and saw 4 of its levels.

You collected 157 gold pieces.

Inventory:

Hand Weapons
 h - a +0 dagger of venom (weapon)
Missiles
 d - 4 silver javelins
 e - 12 stones
 l - 4 javelins
 o - a boomerang
 w - 4 poisoned darts
Armour
 a - a +0 robe (worn)
Magical Staves
 i - a staff of poison
Jewellery
 v - a ring of poison resistance
Scrolls
 c - a scroll of fear {unknown}
 f - a scroll of amnesia {unknown}
 g - 3 scrolls of teleportation {unknown}
 m - a scroll of enchant weapon {unknown}
 q - 2 scrolls of identify {unknown}
 r - a scroll of butterflies {unknown}
 s - a scroll of blinking {unknown}
 t - 2 scrolls of enchant armour {unknown}
Potions
 b - a potion of magic
 j - a potion of mutation {unknown}
 k - a potion of heal wounds {unknown}
 n - a potion of curing {unknown}
 p - 2 potions of lignification {unknown}
 u - a potion of berserk rage {unknown}


   Skills:
 - Level 1.7 Dodging
 - Level 1.7 Stealth
 - Level 1.7 Spellcasting
 - Level 0.8 Transmutations
 + Level 6.2 Earth Magic


You had one spell level left.
You knew the following spells:

 Your Spells              Type           Power      Damage    Failure   Level
a - Sandblast             Erth           56%        2d13      1%          1
b - Passwall              Tmut/Erth      13%        N/A       5%          2
c - Stone Arrow           Conj/Erth      30%        3d8       12%         3

Your spell library contained the following spells:

 Spells                   Type           Power      Damage    Failure   Level
 Petrify                  Tmut/Erth      16%        N/A       34%         4


Dungeon Overview and Level Annotations

Branches:
Dungeon (4/15)
 Temple: D:4-7

Portals:
Sewer: D:4

Annotations:
D:2 vault need shatter
D:4 Robin


Innate Abilities, Weirdness & Mutations

You have an increased reservoir of magic. (+10% MP)
You shall have no god before yourself.
Your divine heritage dramatically boosts your attributes as you level up.


Message History

You hit the river rat but do no damage.
The river rat looks as sick as possible!
The river rat is severely wounded.
The river rat closely misses you.
You hit the river rat but do no damage.
The river rat looks as sick as possible!
The river rat is severely wounded.
The river rat barely misses you.
You closely miss the river rat.
The river rat is almost dead.
You kill the river rat!
You closely miss the river rat. The river rat bites you!
You hit the river rat.
The river rat is poisoned.
The river rat is lightly wounded.
The river rat bites you but does no damage.
You closely miss the river rat.
The river rat is lightly wounded.
The river rat barely misses you.
You hit the river rat.
The river rat looks as sick as possible!
The river rat is moderately wounded.
The river rat misses you.
You closely miss the river rat.
The river rat is heavily wounded.
The river rat bites you!
* * * LOW HITPOINT WARNING * * *
You closely miss the river rat.
The river rat is heavily wounded.
You kill the river rat!
You hit the river rat but do no damage.
The river rat is poisoned.
The river rat bites you!
* * * LOW HITPOINT WARNING * * *
You barely miss the river rat.
The river rat is lightly wounded.
The river rat bites you.
* * * LOW HITPOINT WARNING * * *
You closely miss the river rat.
The river rat is lightly wounded.
The river rat bites you.
You die...

... #.#####
### #.....#
#####.#
#.## #..##
##..# ####
##.#
...####
#.##.....~#
#.@r...~~~#
####...~~~#
..~~~~#
..~~~∩#
#######


You could see a river rat (poisoned).

Vanquished Creatures
  Sigmund (D:2)
  2 adders
  2 river rats (D:4)
  A dart slug (D:1)
  3 orcs (D:3)
  5 bats
  4 endoplasms
  8 giant cockroaches
  9 goblins
  10 hobgoblins
  6 jackals
  4 quokkas
  6 ball pythons
  6 kobolds
  4 rats
71 creatures vanquished.

Vanquished Creatures (others)
  A fungus (D:1)
  2 plants (D:1)
3 creatures vanquished.

Grand Total: 74 creatures vanquished

Notes
Turn   | Place    | Note
-------+----------+-------------------------------------------
     0 | D:1      | cdecastro the Demigod Earth Elementalist began the quest
                  | for the Orb.
     0 | D:1      | Reached XP level 1. HP: 14/14 MP: 5/5
   394 | D:1      | Reached skill level 3 in Earth Magic
   585 | D:1      | Reached XP level 2. HP: 9/20 MP: 1/7
  1628 | D:1      | Reached XP level 3. HP: 26/26 MP: 8/8
  1656 | D:1      | Reached skill level 4 in Earth Magic
  2369 | D:2      | Noticed Sigmund
  2379 | D:2      | Killed Sigmund
  2380 | D:2      | Reached skill level 5 in Earth Magic
  2380 | D:2      | Reached XP level 4. HP: 13/33 MP: 6/9
  2380 | D:2      | Reached XP level 5. HP: 15/38 MP: 6/10
  3566 | D:3      | Reached skill level 6 in Earth Magic
  3570 | D:3      | Learned a level 2 spell: Passwall
  3574 | D:3      | Learned a level 3 spell: Stone Arrow
  4458 | D:4      | Noticed Robin
  4684 | D:4      | Found a glowing drain.
  4701 | D:4      | Slain by a river rat

Illustrated notes

Levels and vault maps discovered:
D:1:      shiori_arrival_elements, layout_basic,
          shapermc_ecumenical_altar_mp_urbaneastern, minmay_pentomino_v4
D:2:      layout_loops_corners, serial_glass, glass_columns_c, glass_columns_a,
          basic_altar, lightli_corner_chamber, uniq_sigmund
D:3:      layout_basic, lemuel_crystal_altar, nicolae_qazlal_general_emergency
D:4:      layout_basic, grunt_temple_overflow_champion_of_chaos,
          minmay_temple_entry_butterflies, portal_sewer_entry_b,
          bh_walls_and_bars, uniq_robin

Skill      XL: |  1  2  3  4  5 |
---------------+----------------+-----
Earth Magic    | 3 5 6 |  6.2
Dodging        | |  1.7
Stealth        | |  1.7
Spellcasting   | |  1.7
Transmutations | |  0.8

Action                   |  1- 3 |  4- 6 || total
-------------------------+-------+-------++-------
Melee: Whip              |    25 |       ||    25
       Unarmed           |     8 |       ||     8
       Dagger            |    79 |   104 ||   183
       Punch             |     1 |     1 ||     2
 Cast: Sandblast         |    18 |     2 ||    20
 Stab: Sleeping          |     7 |     3 ||    10
Armor: Robe              |    20 |    15 ||    35
Dodge: Dodged            |    77 |    45 ||   122
